 Dungeon Crawl Stone Soup version 0.21.1-1-g345015f (webtiles) character file.

1131 empire the Ducker (level 8, -11/63 HPs)
             Began as a Gnoll Gladiator on Apr 11, 2018.
             Was a Follower of Cheibriados.
             Mangled by a red ugly thing (14 damage)
             ... on level 7 of the Dungeon on Apr 12, 2018.
             The game lasted 00:11:43 (4405 turns).

empire the Ducker (Gnoll Gladiator)                 Turns: 4405, Time: 00:11:44

Health: -11/63     AC: 14    Str: 21    XL:     8   Next: 36%
Magic:  12/12      EV: 20    Int: 14    God:    Cheibriados [*.....]
Gold:   267        SH:  0    Dex: 26    Spells: 7/13 levels left

rFire    . . .     SeeInvis .   a - +0 war axe
rCold    . . .     Gourm    .   n - +0 buckler
rNeg     . . .     Faith    .   i - +0 ring mail
rPois    .         Spirit   .   c - +0 helmet
rElec    .         Reflect  .   w - +2 cloak
rCorr    .         Harm     .   v - +0 pair of gloves
MR       .....                  e - +2 pair of boots
Stlth    +.........             (no amulet)
HPRegen  0.20/turn              x - +6 ring of dexterity
MPRegen  0.13/turn              j - +3 ring of evasion

@: confused, very slow
A: distributed training, fangs 1, strong nose
a: Bend Time, Renounce Religion


You were on level 7 of the Dungeon.
You worshipped Cheibriados.
Cheibriados was aware of your devotion.
You were not hungry.

You visited 2 branches of the dungeon, and saw 8 of its levels.

You collected 312 gold pieces.
You spent 45 gold pieces at shops.

Inventory:

Hand Weapons
 a - a +0 war axe (weapon)
Missiles
 d - 3 throwing nets (quivered)
Armour
 c - a +0 helmet (worn)
 e - a +2 pair of boots (worn)
 i - a +0 ring mail (worn)
 n - a +0 buckler (worn)
 v - a +0 pair of gloves (worn)
 w - a +2 cloak (worn)
Jewellery
 g - a +5 ring of dexterity
 h - an uncursed ring of resist corrosion
 j - a +3 ring of evasion (right hand)
 p - an uncursed ring of protection from cold
 u - an uncursed ring of fire {unknown}
 x - a +6 ring of dexterity (left hand)
 y - an uncursed amulet of guardian spirit {unknown}
Wands
 J - a wand of disintegration (9)
Scrolls
 l - a scroll of fear {unknown}
 m - a scroll of enchant weapon
 s - 3 scrolls of teleportation
 z - 5 scrolls of remove curse
 A - 2 scrolls of identify
 F - a scroll of random uselessness {unknown}
 G - a scroll of vulnerability {unknown}
 H - a scroll of amnesia
 I - a scroll of fog
Potions
 b - 3 potions of curing
 k - a potion of might
 o - a potion of brilliance
 q - a potion of cancellation
 t - a potion of flight
 D - a potion of mutation {unknown}
Books
 r - a book of Misfortune

   Spells                             Type                      Level
   a - Confusing Touch                Hexes                        1
   b - Confuse                        Hexes                        3
   c - Gell's Gravitas                Translocation                3
   d - Petrify                        Transmutation/Earth          4
   e - Metabolic Englaciation         Hexes/Ice                    5
   f - Yara's Violent Unravelling     Hexes/Transmutation          5
 B - a book of Necromancy

   Spells                             Type                      Level
   a - Pain                           Necromancy                   1
   b - Animate Skeleton               Necromancy                   1
   c - Vampiric Draining              Necromancy                   3
   d - Regeneration                   Charms/Necromancy            3
   e - Animate Dead                   Necromancy                   4
   f - Borgnjor's Vile Clutch         Necromancy/Earth             5
 C - a book of Misfortune

   Spells                             Type                      Level
   a - Confusing Touch                Hexes                        1
   b - Confuse                        Hexes                        3
   c - Gell's Gravitas                Translocation                3
   d - Petrify                        Transmutation/Earth          4
   e - Metabolic Englaciation         Hexes/Ice                    5
   f - Yara's Violent Unravelling     Hexes/Transmutation          5
Comestibles
 f - 22 rations


   Skills:
 + Level 5.6 Fighting
 + Level 3.1 Short Blades
 + Level 3.1 Long Blades
 + Level 7.3 Axes
 + Level 3.1 Maces & Flails
 + Level 3.1 Polearms
 + Level 3.1 Staves
 + Level 3.1 Slings
 + Level 3.1 Bows
 + Level 3.1 Crossbows
 + Level 5.6 Throwing
 + Level 3.1 Armour
 + Level 7.3 Dodging
 + Level 3.1 Stealth
 + Level 3.1 Shields
 + Level 3.1 Unarmed Combat
 + Level 3.1 Spellcasting
 + Level 2.5 Conjurations
 + Level 2.5 Hexes
 + Level 2.5 Charms
 + Level 2.5 Summonings
 + Level 2.5 Necromancy
 + Level 2.5 Translocations
 + Level 2.5 Transmutations
 + Level 2.5 Fire Magic
 + Level 2.5 Ice Magic
 + Level 2.5 Air Magic
 + Level 2.5 Earth Magic
 + Level 2.5 Poison Magic
 + Level 3.4 Invocations
 + Level 3.1 Evocations


You had 7 spell levels left.
You knew the following spells:

 Your Spells              Type           Power        Failure   Level  Hunger
a - Regeneration          Chrm/Necr      #.........   36%         3    ###....
b - Vampiric Draining     Necr           #.........   36%         3    ###....


Dungeon Overview and Level Annotations

Branches:
Dungeon (7/15)             Temple (1/1) D:4

Altars:
Ashenzari
Cheibriados
Dithmenos
Elyvilon
Fedhas
Gozag
Hepliaklqana
Kikubaaqudgha
Makhleb
Nemelex Xobeh
Okawaru
Qazlal
Ru
Sif Muna
Trog
Uskayaw
Vehumet
Wu Jian
Xom
Yredelemnul
Zin
The Shining One

Shops:
D:4 [

Annotations:
D:6 1 runed door


Innate Abilities, Weirdness & Mutations

Your experience applies equally to all skills.
You have very sharp teeth.
Your uncanny sense of smell can sniff out nearby items.


Message History

You slash the red ugly thing!
You bite the red ugly thing, but do no damage.
The red ugly thing is heavily wounded.
You barely miss the worker ant. The worker ant misses you.
The red ugly thing misses you.
Press: ? - help, v - describe, . - travel, g - get item
Here: a red ugly thing (heavily wounded) 12 gold pieces.
The floor, spattered with blood.
Unknown command.
You are confused.
You feel invigorated. The worker ant completely misses you.
The red ugly thing bites you!
You are engulfed in flames!!
* * * LOW HITPOINT WARNING * * *
Okay, then.
You bump into the rock wall.
The worker ant closely misses you. The red ugly thing bites you.
* * * LOW HITPOINT WARNING * * *
You are engulfed in flames!
You die...

#...
..######.### #
.......))..#.#
#.######.#<#.#
#.....#
###.### #.#
##.## #.@.#
#.....au.#
#.####.?.#
..... .......
.........
...........
.....!..#.###


You could see a red ugly thing and a worker ant.

Vanquished Creatures
  Pikel (D:6)
  A sky beast (D:6)
  3 slaves (D:6)
  An ogre (D:4)
  A scorpion (D:4)
  A howler monkey (D:6)
  3 crimson imps (D:6)
  A hound (D:6)
  An orc wizard (D:3)
  2 worker ants (D:5)
  4 gnolls (D:5)
  A howler monkey skeleton (D:5)
  8 adders
  A shadow imp (D:5)
  2 oozes
  An adder skeleton (D:6)
  An adder zombie (D:5)
  A worm (D:2)
  A dart slug (D:1)
  A leopard gecko (D:6)
  12 orcs
  3 giant cockroaches
  6 goblins
  4 hobgoblins
  15 jackals
  3 quokkas
  2 ball pythons
  10 bats
  A frilled lizard (D:2)
  9 kobolds
  10 rats
111 creatures vanquished.

Notes
Turn   | Place    | Note
-------+----------+-------------------------------------------
     0 | D:1      | empire the Gnoll Gladiator began the quest for the Orb.
     0 | D:1      | Reached XP level 1. HP: 20/20 MP: 1/1
   146 | D:1      | Reached XP level 2. HP: 26/26 MP: 2/2
   203 | D:1      | Reached XP level 3. HP: 31/31 MP: 3/3
   593 | D:2      | Reached skill level 1 in Invocations
   709 | D:2      | Reached skill level 1 in Short Blades
   709 | D:2      | Reached skill level 1 in Long Blades
   709 | D:2      | Reached skill level 1 in Maces & Flails
   709 | D:2      | Reached skill level 1 in Polearms
   709 | D:2      | Reached skill level 1 in Staves
   709 | D:2      | Reached skill level 1 in Slings
   709 | D:2      | Reached skill level 1 in Bows
   709 | D:2      | Reached skill level 1 in Crossbows
   709 | D:2      | Reached skill level 1 in Armour
   709 | D:2      | Reached skill level 1 in Stealth
   709 | D:2      | Reached skill level 1 in Shields
   709 | D:2      | Reached skill level 1 in Unarmed Combat
   709 | D:2      | Reached skill level 1 in Spellcasting
   709 | D:2      | Reached skill level 1 in Evocations
   709 | D:2      | Reached XP level 4. HP: 38/38 MP: 5/5
  1159 | D:2      | Reached skill level 1 in Conjurations
  1159 | D:2      | Reached skill level 1 in Hexes
  1159 | D:2      | Reached skill level 1 in Charms
  1159 | D:2      | Reached skill level 1 in Summonings
  1159 | D:2      | Reached skill level 1 in Necromancy
  1159 | D:2      | Reached skill level 1 in Translocations
  1159 | D:2      | Reached skill level 1 in Transmutations
  1159 | D:2      | Reached skill level 1 in Fire Magic
  1159 | D:2      | Reached skill level 1 in Ice Magic
  1159 | D:2      | Reached skill level 1 in Air Magic
  1159 | D:2      | Reached skill level 1 in Earth Magic
  1159 | D:2      | Reached skill level 1 in Poison Magic
  1876 | D:3      | Reached XP level 5. HP: 43/43 MP: 6/6
  2249 | D:4      | Found Tocuh's Armour Shop.
  2255 | D:4      | Bought a +0 pair of gloves for 45 gold pieces
  2353 | D:4      | Noticed an ogre
  2356 | D:4      | Found a staircase to the Ecumenical Temple.
  2362 | D:4      | Killed an ogre
  2362 | D:4      | Reached XP level 6. HP: 29/50 MP: 8/8
  2375 | Temple   | Entered the Ecumenical Temple
  2619 | Temple   | Became a worshipper of Cheibriados the Contemplative
  2998 | D:5      | Entered Level 5 of the Dungeon
  3128 | D:5      | Reached skill level 5 in Fighting
  3128 | D:5      | Reached skill level 5 in Throwing
  3143 | D:5      | Learned a level 3 spell: Regeneration
  3158 | D:5      | Learned a level 3 spell: Vampiric Draining
  3572 | D:5      | Reached * piety under Cheibriados
  3761 | D:6      | Reached XP level 7. HP: 52/56 MP: 10/10
  3780 | D:6      | Found a shattered altar of Ashenzari.
  3843 | D:6      | Noticed Pikel
  3864 | D:6      | Killed Pikel
  3864 | D:6      | Reached XP level 8. HP: 52/63 MP: 10/12
  4089 | D:6      | Found a runed door.
  4392 | D:7      | Noticed a red ugly thing
  4404 | D:7      | HP: 3/63 [red ugly thing (18)]
  4405 | D:7      | Mangled by a red ugly thing

Skill      XL: |  1  2  3  4  5  6  7  8 |
---------------+-------------------------+-----
Invocations    | 1 2 3 |  3.4
Short Blades   | 1 2 3 |  3.1
Long Blades    | 1 2 3 |  3.1
Maces & Flails | 1 2 3 |  3.1
Polearms       | 1 2 3 |  3.1
Staves         | 1 2 3 |  3.1
Slings         | 1 2 3 |  3.1
Bows           | 1 2 3 |  3.1
Crossbows      | 1 2 3 |  3.1
Armour         | 1 2 3 |  3.1
Stealth        | 1 2 3 |  3.1
Shields        | 1 2 3 |  3.1
Unarmed Combat | 1 2 3 |  3.1
Spellcasting   | 1 2 3 |  3.1
Evocations     | 1 2 3 |  3.1
Conjurations   | 1 2 |  2.5
Hexes          | 1 2 |  2.5
Charms         | 1 2 |  2.5
Summonings     | 1 2 |  2.5
Necromancy     | 1 2 |  2.5
Translocations | 1 2 |  2.5
Transmutations | 1 2 |  2.5
Fire Magic     | 1 2 |  2.5
Ice Magic      | 1 2 |  2.5
Air Magic      | 1 2 |  2.5
Earth Magic    | 1 2 |  2.5
Poison Magic   | 1 2 |  2.5
Fighting       | 5 |  5.6
Throwing       | 5 |  5.6
Axes           | 7 |  7.3
Dodging        | 7 |  7.3

Action                   |  1- 3 |  4- 6 |  7- 9 || total
-------------------------+-------+-------+-------++-------
Melee: War axe           |    61 |   146 |   101 ||   308
       Bite              |     6 |    26 |    24 ||    56
Throw: Throwing net      |       |       |     3 ||     3
  Use: Scroll            |     3 |    13 |       ||    16
       Potion            |       |       |     1 ||     1
 Stab: Sleeping          |     3 |     6 |       ||     9
       Distracted        |       |       |     1 ||     1
  Eat: Chunk             |       |     9 |     2 ||    11
Armor: Ring mail         |    23 |    42 |    23 ||    88
Dodge: Dodged            |    77 |   118 |   102 ||   297
Block: Buckler           |     4 |    33 |    46 ||    83
